PL
ST. LOUIS COEUR @ BOSTON PATRIOTS
08/14/2042
 
TOP OF THE 1ST
St. Louis Coeur batting - Pitching for Boston Patriots : RHP Alberto López
Pitching: RHP Alberto López
Batting: RHB Nobuhisa Murakami 0-0: Called Strike
0-1: Fly out, F8 (Line Drive, 8LM, EV 103.8 MPH)
Batting: LHB Harry Cornelis 0-0: Ball
1-0: Called Strike
1-1: Ball
2-1: Foul Ball, location: 2F
2-2: Ball
3-2: Fly out, F8 (Flyball, 8LM, EV 84.4 MPH)
Batting: LHB Qing-nian Zexian 0-0: Called Strike
0-1: SINGLE (Groundball, 4D, EV 109.4 MPH)
Batting: RHB Jaime Soto 0-0: Ball
1-0: Ball
2-0: Ball
3-0: Called Strike
3-1: Swinging Strike
3-2: Foul Ball, location: 2F
3-2: Fly out, F4 (Popup, 34D, EV 45.6 MPH)
Top of the 1st over - 0 runs, 1 hit, 0 errors, 1 left on base; St. Louis 0 - Boston 0
BOTTOM OF THE 1ST
Boston Patriots batting - Pitching for St. Louis Coeur : LHP Kevin Nogilny
Pitching: LHP Kevin Nogilny
Batting: SHB Eisse van Opdorp 0-0: Called Strike
0-1: Ground out 5-3 (Groundball, 56S, EV 86.2 MPH)
Batting: RHB Yu-shu Kang 0-0: Ball
1-0: Ball
2-0: Foul Ball, location: 2F
2-1: Foul Ball, location: 2F
2-2: Foul Ball, location: 2F
2-2: SINGLE (Line Drive, 89S, EV 86.9 MPH)
Batting: RHB Tyler Bowen 0-0: Foul Ball, location: 2F
0-1: Ball
1-1: Swinging Strike
1-2: Strikes out looking
Batting: RHB Frank Ray 0-0: Called Strike
0-1: Foul Ball, location: 2F
0-2: Ground out 4-3 (Groundball, 4, EV 83.8 MPH)
Bottom of the 1st over - 0 runs, 1 hit, 0 errors, 1 left on base; St. Louis 0 - Boston 0
TOP OF THE 2ND
St. Louis Coeur batting - Pitching for Boston Patriots : RHP Alberto López
Batting: LHB Jae-seop Byeon 0-0: Called Strike
0-1: Ball
1-1: Foul Ball, location: 2F
1-2: Foul Ball, location: 2F
1-2: SOLO HOME RUN (Flyball, 9D, EV 108.1 MPH), Distance : 379 ft
Batting: RHB Joel Iyiegbuniwe 0-0: Called Strike
0-1: Called Strike
0-2: Ball
1-2: Ball
2-2: Foul Ball, location: 2F
2-2: Ball
3-2: Foul Ball, location: 2F
3-2: SINGLE (Groundball, 6MD, EV 96.2 MPH)
Batting: RHB Guillermo Coss 0-0: Ball
1-0: Foul Ball, location: 2F
1-1: Ball
2-1: Foul Ball, location: 2F
2-2: Strikes out looking
Batting: RHB Ik-jun Cho Pickoff Throw to First - Error! E1
Joel Iyiegbuniwe to second
0-0: Called Strike
Joel Iyiegbuniwe steals 3rd, throwing error, E2
Joel Iyiegbuniwe scores
0-1: Foul Ball, location: 2F
0-2: Ball
1-2: Strikes out swinging
Batting: LHB Pedro Marrero 0-0: Ball
1-0: Ball
2-0: Ball
3-0: Called Strike
3-1: Fly out, F9 (Flyball, 9LS, EV 90.6 MPH)
Top of the 2nd over - 2 runs, 2 hits, 2 errors, 0 left on base; St. Louis 2 - Boston 0
BOTTOM OF THE 2ND
Boston Patriots batting - Pitching for St. Louis Coeur : LHP Kevin Nogilny
Batting: RHB Alfredo Araújo 0-0: Ball
1-0: Ground out 1-3 (Groundball, P, EV 66.2 MPH)
Batting: LHB Jorge Herrera 0-0: Ball
1-0: Foul Ball, location: 2F
1-1: SOLO HOME RUN (Flyball, 89XD, EV 97.5 MPH), Distance : 418 ft
Batting: RHB Juan Dávila 0-0: Called Strike
0-1: SINGLE (Groundball, 6MD, EV 104.4 MPH)
Batting: LHB Juan Andrés Martí 0-0: Ball
1-0: Fly out, F8 (Flyball, 8LM, EV 84.4 MPH)
Batting: RHB Jon Osterman 0-0: Ball
1-0: Called Strike
1-1: Foul Ball, location: 2F
1-2: SINGLE (Flyball, 9S, EV 96.2 MPH)
Juan Dávila to second
Runner from 2nd tries for 3rd, SAFE, no throw by RF
Batting: SHB Eisse van Opdorp 0-0: Ball
1-0: Called Strike
1-1: SINGLE (Line Drive, 56D, EV 96.9 MPH)
Juan Dávila scores
Jon Osterman to second
Runner from 2nd tries for 3rd, OUT! 7-5
Bottom of the 2nd over - 2 runs, 4 hits, 0 errors, 1 left on base; St. Louis 2 - Boston 2
TOP OF THE 3RD
St. Louis Coeur batting - Pitching for Boston Patriots : RHP Alberto López
Batting: RHB Nobuhisa Murakami 0-0: Ball
1-0: Called Strike
1-1: Fly out, F8 (Flyball, 8LS, EV 92.5 MPH)
Batting: LHB Harry Cornelis 0-0: Ball
1-0: Called Strike
1-1: Ball
2-1: Ball
3-1: Foul Ball, location: 2F
3-2: Base on Balls
Batting: LHB Qing-nian Zexian 0-0: Called Strike
0-1: Ball
1-1: Foul Ball, location: 2F
1-2: Ball
2-2: Strikes out swinging
Batting: RHB Jaime Soto 0-0: Foul Ball, location: 2F
0-1: Ball
1-1: Foul Ball, location: 2F
1-2: Fly out, F7 (Flyball, 7LDF, EV 80.0 MPH)
Top of the 3rd over - 0 runs, 0 hits, 0 errors, 1 left on base; St. Louis 2 - Boston 2
BOTTOM OF THE 3RD
Boston Patriots batting - Pitching for St. Louis Coeur : LHP Kevin Nogilny
Batting: RHB Yu-shu Kang 0-0: Called Strike
0-1: Ball
1-1: Foul Ball, location: 2F
1-2: Strikes out looking
Batting: RHB Tyler Bowen 0-0: Fly out, F8 (Flyball, 8RXD, EV 94.4 MPH)
Batting: RHB Frank Ray 0-0: Called Strike
0-1: Ball
1-1: Foul Ball, location: 2F
1-2: Strikes out swinging
Bottom of the 3rd over - 0 runs, 0 hits, 0 errors, 0 left on base; St. Louis 2 - Boston 2
TOP OF THE 4TH
St. Louis Coeur batting - Pitching for Boston Patriots : RHP Alberto López
Batting: LHB Jae-seop Byeon 0-0: Ball
1-0: Called Strike
1-1: Foul Ball, location: 2F
1-2: Ball
2-2: SINGLE (Groundball, 4MD, EV 101.9 MPH)
Batting: RHB Joel Iyiegbuniwe 0-0: Called Strike
Jae-seop Byeon steals 2nd base (no throw)
0-1: Ball
1-1: Ball
2-1: Swinging Strike
2-2: Fly out, F9 (Flyball, 9D, EV 107.5 MPH)
Runner from 2nd tags up, SAFE at 3rd, no throw by RF
Batting: RHB Guillermo Coss 0-0: SINGLE (Line Drive, 9S, EV 108.8 MPH)
Jae-seop Byeon scores
Batting: RHB Ik-jun Cho 0-0: Ball
1-0: Called Strike
1-1: DOUBLE (Line Drive, 8LXD, EV 104.4 MPH)
Guillermo Coss to third
Runner from 3rd tries for Home, SAFE, throw by CF to trailing runner, SAFE at third!
Batting: LHB Pedro Marrero 0-0: Ball
1-0: Swinging Strike
1-1: Ball
2-1: Ball
3-1: Foul Ball, location: 2F
3-2: Strikes out swinging
Batting: RHB Nobuhisa Murakami 0-0: Ball
1-0: Called Strike
1-1: Ground out U3 (Groundball, 34, EV 85.0 MPH)
Top of the 4th over - 2 runs, 3 hits, 0 errors, 1 left on base; St. Louis 4 - Boston 2
BOTTOM OF THE 4TH
Boston Patriots batting - Pitching for St. Louis Coeur : LHP Kevin Nogilny
Batting: RHB Alfredo Araújo 0-0: Ball
1-0: Ball
2-0: Foul Ball, location: 2F
2-1: SINGLE (Line Drive, 9S, EV 94.4 MPH)
Batting: LHB Jorge Herrera 0-0: Fly out, F8 (Flyball, 8LM, EV 85.0 MPH)
Batting: RHB Juan Dávila Pickoff Throw to First - Out! 1-3
0-0: Ball
1-0: Ground out 6-3 (Groundball, 56, EV 86.9 MPH)
Bottom of the 4th over - 0 runs, 1 hit, 0 errors, 0 left on base; St. Louis 4 - Boston 2
TOP OF THE 5TH
St. Louis Coeur batting - Pitching for Boston Patriots : RHP Alberto López
Batting: LHB Harry Cornelis 0-0: Called Strike
0-1: Ball
1-1: Foul Ball, location: 2F
1-2: Ball
2-2: Fly out, F9 (Line Drive, 9D, EV 92.5 MPH)
Batting: LHB Qing-nian Zexian 0-0: Ball
1-0: Called Strike
1-1: Foul Ball, location: 2F
1-2: Foul Ball, location: 2F
1-2: Ball
2-2: Ball
3-2: Foul Ball, location: 2F
3-2: Foul Ball, location: 2F
3-2: Foul Ball, location: 2F
3-2: Foul Ball, location: 2F
3-2: Foul Ball, location: 2F
3-2: Base on Balls
Pitching: RHP José Ruíz
Batting: RHB Jaime Soto 0-0: Ball
1-0: Foul Ball, location: 2F
1-1: Foul Ball, location: 2F
1-2: Ball
2-2: Fly out, F9 (Flyball, 9S, EV 80.0 MPH)
Batting: LHB Jae-seop Byeon 0-0: Ball
1-0: Foul Ball, location: 2F
1-1: Fly out, F4 (Popup, 34D, EV 46.2 MPH)
Top of the 5th over - 0 runs, 0 hits, 0 errors, 1 left on base; St. Louis 4 - Boston 2
BOTTOM OF THE 5TH
Boston Patriots batting - Pitching for St. Louis Coeur : LHP Kevin Nogilny
Batting: LHB Juan Andrés Martí 0-0: Ball
1-0: Fly out, F8 (Line Drive, 8LM, EV 88.8 MPH)
Batting: RHB Jon Osterman 0-0: Ground out 1-3 (Groundball, 13S, EV 71.9 MPH)
Batting: SHB Eisse van Opdorp 0-0: Ball
1-0: Swinging Strike
1-1: Ball
2-1: Called Strike
2-2: SINGLE (Groundball, 6MD, EV 103.8 MPH)
Batting: RHB Yu-shu Kang 0-0: Ball
1-0: Called Strike
1-1: Called Strike
1-2: Fly out, F7 (Flyball, 7, EV 80.6 MPH)
Bottom of the 5th over - 0 runs, 1 hit, 0 errors, 1 left on base; St. Louis 4 - Boston 2
TOP OF THE 6TH
St. Louis Coeur batting - Pitching for Boston Patriots : RHP José Ruíz
Batting: RHB Joel Iyiegbuniwe 0-0: Ball
1-0: Ball
2-0: Ground out U3 (Groundball, 34S, EV 67.5 MPH)
Batting: RHB Guillermo Coss 0-0: Ball
1-0: Ball
2-0: Foul Ball, location: 2F
2-1: Ground out 4-3 (Groundball, 4, EV 86.2 MPH)
Batting: RHB Ik-jun Cho 0-0: Called Strike
0-1: Ball
1-1: Ball
2-1: Foul Ball, location: 2F
2-2: Fly out, F8 (Flyball, 8RM, EV 86.9 MPH)
Top of the 6th over - 0 runs, 0 hits, 0 errors, 0 left on base; St. Louis 4 - Boston 2
BOTTOM OF THE 6TH
Boston Patriots batting - Pitching for St. Louis Coeur : LHP Kevin Nogilny
Batting: RHB Tyler Bowen 0-0: Swinging Strike
0-1: Called Strike
0-2: Foul Ball, location: 2F
0-2: Ball
1-2: Strikes out swinging
Batting: RHB Frank Ray 0-0: Foul Ball, location: 2F
0-1: Ball
1-1: Ball
2-1: Called Strike
2-2: Ground out 6-3 (Groundball, 6, EV 86.9 MPH)
Batting: RHB Alfredo Araújo 0-0: Ball
1-0: SINGLE (Groundball, 6MD, EV 105.6 MPH)
Batting: LHB Jorge Herrera 0-0: Foul Ball, location: 2F
0-1: Called Strike
0-2: Fly out, F9 (Flyball, 9LS, EV 81.9 MPH)
Bottom of the 6th over - 0 runs, 1 hit, 0 errors, 1 left on base; St. Louis 4 - Boston 2
TOP OF THE 7TH
St. Louis Coeur batting - Pitching for Boston Patriots : RHP José Ruíz
Batting: LHB Pedro Marrero 0-0: Ball
1-0: Ground out 4-3 (Groundball, 4, EV 108.8 MPH)
Batting: RHB Nobuhisa Murakami 0-0: Ball
1-0: Ground out U3 (Groundball, 3L, EV 98.1 MPH)
Batting: LHB Harry Cornelis 0-0: Ball
1-0: Ball
2-0: DOUBLE (Line Drive, 7LS, EV 108.1 MPH)
Batting: LHB Qing-nian Zexian 0-0: Ball
1-0: Called Strike
1-1: Foul Ball, location: 2F
1-2: Ball
2-2: Foul Ball, location: 2F
2-2: Foul Ball, location: 2F
2-2: Foul Ball, location: 2F
2-2: SINGLE (Groundball, 4MD, EV 97.5 MPH)
Harry Cornelis to third
Runner from 3rd tries for Home, SAFE, throw by CF to home
Batting: RHB Jaime Soto 0-0: Fly out, F8 (Flyball, 8LS, EV 78.8 MPH)
Top of the 7th over - 1 run, 2 hits, 0 errors, 1 left on base; St. Louis 5 - Boston 2
BOTTOM OF THE 7TH
Boston Patriots batting - Pitching for St. Louis Coeur : LHP Kevin Nogilny
Batting: RHB Juan Dávila 0-0: Ground out 6-3 (Groundball, 6, EV 88.8 MPH)
Batting: LHB Juan Andrés Martí 0-0: Ground out 4-3 (Groundball, 4, EV 78.8 MPH)
Batting: RHB Jon Osterman 0-0: Called Strike
0-1: Foul Ball, location: 2F
0-2: Foul Ball, location: 2F
0-2: Ground out 6-3 (Groundball, 6, EV 86.2 MPH)
Bottom of the 7th over - 0 runs, 0 hits, 0 errors, 0 left on base; St. Louis 5 - Boston 2
TOP OF THE 8TH
St. Louis Coeur batting - Pitching for Boston Patriots : RHP José Ruíz
Batting: LHB Jae-seop Byeon 0-0: Called Strike
0-1: Swinging Strike
0-2: Ball
1-2: Ball
2-2: Ground out 4-3 (Groundball, 4, EV 106.2 MPH)
Batting: RHB Joel Iyiegbuniwe 0-0: Ball
1-0: Ball
2-0: SINGLE (Groundball, 6MD, EV 103.8 MPH)
Pitching: LHP Rafael Herrera
Batting: RHB Guillermo Coss 0-0: Ball
1-0: Ball
2-0: Fielders Choice at 2nd, 6-4 (Groundball, 6, EV 85.6 MPH)
Batting: RHB Ik-jun Cho 0-0: Ball
1-0: Ball
2-0: Called Strike
2-1: Foul Ball, location: 2F
2-2: Foul Ball, location: 2F
2-2: Strikes out looking
Top of the 8th over - 0 runs, 1 hit, 0 errors, 1 left on base; St. Louis 5 - Boston 2
BOTTOM OF THE 8TH
Boston Patriots batting - Pitching for St. Louis Coeur : LHP Kevin Nogilny
Batting: SHB Eisse van Opdorp 0-0: SOLO HOME RUN (Flyball, 9D, EV 98.8 MPH), Distance : 373 ft
Pitching: LHP Denie Ulderink
Batting: RHB Yu-shu Kang 0-0: Ball
1-0: SINGLE (Flyball, 9S, EV 99.4 MPH)
Batting: RHB Tyler Bowen 0-0: Called Strike
0-1: Grounds into double play, 1-6-3 (Groundball, 23, EV 68.1 MPH)
Batting: RHB Frank Ray 0-0: Ball
1-0: Ball
2-0: Called Strike
2-1: Foul Ball, location: 2F
2-2: Ball
3-2: Strikes out swinging
Bottom of the 8th over - 1 run, 2 hits, 0 errors, 0 left on base; St. Louis 5 - Boston 3
TOP OF THE 9TH
St. Louis Coeur batting - Pitching for Boston Patriots : LHP Rafael Herrera
Batting: LHB Pedro Marrero 0-0: Called Strike
0-1: Ball
1-1: Ball
2-1: Swinging Strike
2-2: Strikes out swinging
Batting: RHB Nobuhisa Murakami 0-0: Called Strike
0-1: Ball
1-1: Ground out 5-3 (Groundball, 56S, EV 70.6 MPH)
Batting: LHB Harry Cornelis 0-0: Fly out, F7 (Line Drive, 7D, EV 89.4 MPH)
Top of the 9th over - 0 runs, 0 hits, 0 errors, 0 left on base; St. Louis 5 - Boston 3
BOTTOM OF THE 9TH
Boston Patriots batting - Pitching for St. Louis Coeur : LHP Denie Ulderink
Batting: RHB Alfredo Araújo 0-0: Foul Ball, location: 2F
0-1: Fly out, F5 (Line Drive, 5, EV 66.9 MPH)
Batting: LHB Jorge Herrera 0-0: Ball
1-0: Swinging Strike
1-1: Called Strike
1-2: Strikes out swinging
Batting: RHB Juan Dávila 0-0: Fly out, F8 (Line Drive, 8LM, EV 85.6 MPH)
Bottom of the 9th over - 0 runs, 0 hits, 0 errors, 0 left on base; St. Louis 5 - Boston 3
Friday, March 26th, 2021 - OOTP Baseball 20.8 Build 74